 Dungeon Crawl Stone Soup version 0.29.0-4-gdea44cf6ec (webtiles) character file.

Game seed: 1318097874688054778

1332 qw the Cleaver (level 8, -8/48 HPs)
             Began as a Tengu Warper on Aug 28, 2022.
             Mangled by a gnoll sergeant
             ... wielding a +0 spear
              (10 damage)
             ... on level 6 of the Dungeon.
             The game lasted 00:00:42 (6916 turns).

qw the Cleaver (Tengu Warper)                       Turns: 6916, Time: 00:00:43

Health: -8/48      AC: 12    Str: 14    XL:     8   Next: 61%
Magic:  12/12      EV:  8    Int: 17    God:
Gold:   413        SH:  0    Dex: 14    Spells: 11/11 levels left

rFire   . . .      SeeInvis +   g - +0 hand axe (vamp)
rCold   . . .      Faith    .   (no shield)
rNeg    . . .      Spirit   .   d - +0 chain mail
rPois   +          Reflect  .   (helmet restricted)
rElec   .          Harm     .   (no cloak)
rCorr   .          Rampage  .   f - +2 pair of gloves
Will    +....                   (boots unavailable)
Stlth   ..........              (no amulet)
HPRegen 0.16/turn               l - ring of see invisible
MPRegen 0.13/turn               p - ring of Bianot {Drain Fly rPois Will+ Int+4}

@: about to teleport, flying quickly and evasively, quick
A: beak, talons 3, nimble flight
a: no special abilities


You were on level 6 of the Dungeon.
You visited 2 branches of the dungeon, and saw 7 of its levels.

You collected 413 gold pieces.


Innate Abilities, Weirdness & Mutations

You have a beak for a mouth.
You have claws for feet.
Your magical nature lets you fly swiftly and evasively.


   Skills:
 - Level 4.2 Fighting
 - Level 10.0 Axes
 - Level 1.0 Throwing
 + Level 3.5 Armour
 - Level 2.1 Dodging
 - Level 2.0 Spellcasting
 - Level 2.4 Translocations


You had 11 spell levels left.
You didn't know any spells.
Your spell library contained the following spells:

 Spells                   Type           Power      Damage    Failure   Level
 Blink                    Tloc           18%        N/A       95%         2
 Gell's Gravitas          Tloc           9%         N/A       99%         3
 Lesser Beckoning         Tloc           9%         N/A       99%         3
 Teleport Other           Tloc           9%         N/A       99%         3
 Manifold Assault         Tloc           9%         N/A       100%        5

Inventory:

Hand Weapons
 g - a +0 vampiric hand axe (weapon)
 o - a +0 morningstar
Armour
 d - a +0 chain mail (worn)
 f - a +2 pair of gloves (worn)
Jewellery
 l - a ring of see invisible (left hand)
 m - a ring of positive energy
 p - the ring of Bianot (right hand) {Drain Fly rPois Will+ Int+4}
   (You acquired it on level 6 of the Dungeon)

   [ring of poison resistance]

   Int:       It affects your intelligence (+4).
   rPois:     It protects you from poison.
   Fly:       It grants you flight.
   Drain:     It drains your maximum health when unequipped.
   Will:      It increases your willpower.
 q - a +6 ring of dexterity
 s - a ring of ice
Scrolls
 b - a scroll of identify
Potions
 a - 2 potions of curing
 c - a potion of mutation
 e - a potion of haste
 i - a potion of heal wounds {unknown}
 j - a potion of flight {unknown}
 k - a potion of might {unknown}
 n - a potion of degeneration {unknown}

Dungeon Overview and Level Annotations

Branches:
Dungeon (6/15)             Temple (1/1) D:4

Altars:
Ashenzari
Cheibriados
Dithmenos
Fedhas
Gozag
Hepliaklqana
Makhleb
Nemelex Xobeh
Ru
Trog
Uskayaw
Wu Jian
Xom


Message History

You hit the gnoll.
You feel better. The gnoll hits you but does no damage.
The gnoll sergeant hits you but does no damage.
The gnoll hits you but does no damage.
You barely miss the gnoll.
The gnoll is heavily wounded.
You hit the gnoll sergeant but do no damage.
The gnoll completely misses you.
The gnoll sergeant hits you but does no damage.
The gnoll hits you but does no damage.
You slash the gnoll!
You kill the gnoll!
You hit the gnoll sergeant but do no damage.
You hit the gnoll sergeant but do no damage.
The gnoll sergeant is moderately wounded.
The gnoll barely misses you.
The gnoll sergeant hits you with a +0 spear.
You hit the gnoll sergeant.
You feel better.
Your kick misses the gnoll sergeant. Your peck misses the gnoll sergeant.
The gnoll sergeant is moderately wounded.
The gnoll hits you from afar with a +0 spear.
The gnoll sergeant hits you with a +0 spear.
6914 ||| READING scroll of teleportation.
As you read the scroll of teleportation, it crumbles to dust.
You feel strangely unstable. The gnoll hits you but does no damage.
The gnoll sergeant hits you with a +0 spear.
You hit the gnoll sergeant but do no damage.
You claw the gnoll sergeant, but do no damage.
You peck the gnoll sergeant, but do no damage.
The gnoll sergeant is moderately wounded.
The gnoll closely misses you.
The gnoll sergeant hits you with a +0 spear.
You hit the gnoll sergeant but do no damage.
Your kick misses the gnoll sergeant.
You peck the gnoll sergeant, but do no damage.
The gnoll sergeant is moderately wounded.
The gnoll hits you but does no damage.
The gnoll sergeant hits you with a +0 spear!
You die...

#..... #.#### #.# # #.#
# ##### #.# # ...##
#####.# #
...######.....# #
#)gg.......#######
#@#######.......<.
.#####%#######.########
#..........)....#
#..####.######### #.#
#.# #.# #.# ..#


You could see a gnoll sergeant and a gnoll.

Vanquished Creatures
  Edmund (D:4)
  An ice beast (D:6)
  3 black bears
  4 scorpions
  2 necrophages
  2 hounds (D:6)
  A jelly (D:4)
  3 orc priests
  An iguana (D:5)
  2 orc wizards
  4 gnolls (D:6)
  13 adders
  An ufetubus (D:4)
  4 worms
  7 dart slugs
  8 orcs
  3 endoplasms
  3 giant cockroaches
  7 hobgoblins
  2 quokkas
  8 ball pythons
  4 bats
  A frilled lizard (D:2)
  10 goblins
  8 kobolds
  2 rats (D:3)
105 creatures vanquished.

Vanquished Creatures (others)
  A bush (D:6)
  A plant (D:6)
2 creatures vanquished.

Grand Total: 107 creatures vanquished

Notes
Turn   | Place    | Note
-------+----------+-------------------------------------------
     0 | D:1      | qw the Tengu Warper began the quest for the Orb.
     0 | D:1      | Reached XP level 1. HP: 12/12 MP: 4/4
     0 | D:1      | 0 ||| qw: Version: 0.1-a-89-g26bdef1
     0 | D:1      | 0 ||| qw: Game counter: 1540
     0 | D:1      | 0 ||| qw: Always use a shield: true
     0 | D:1      | 0 ||| qw: God list: Okawaru
     0 | D:1      | 0 ||| qw: Allow faded altars: false
     0 | D:1      | 0 ||| qw: Do Orc after D:15 true
     0 | D:1      | 0 ||| qw: Do second Lair branch before Depths: true
     0 | D:1      | 0 ||| qw: Lair rune preference: random
     0 | D:1      | 0 ||| qw: Plans: Normal
     0 | D:1      | 0 ||| PLANNING D:1-11
   122 | D:1      | 122 ||| Stepping ~*~*~tactically~*~*~ (stealth).
   258 | D:1      | Reached XP level 2. HP: 17/17 MP: 6/6
   265 | D:1      | 265 ||| Stepping ~*~*~tactically~*~*~ (hiding).
   275 | D:1      | Reached skill level 3 in Axes
   283 | D:1      | Noticed a shining eye
   284 | D:1      | Found a faded altar of an unknown god.
   408 | D:1      | Noticed a shining eye
   454 | D:1      | Noticed a great orb of eyes
   467 | D:1      | Noticed a shining eye
   711 | D:1      | 711 ||| Stepping ~*~*~tactically~*~*~ (stealth).
   714 | D:1      | 714 ||| Stepping ~*~*~tactically~*~*~ (stealth).
   717 | D:1      | 717 ||| Stepping ~*~*~tactically~*~*~ (stealth).
   719 | D:1      | 719 ||| Stepping ~*~*~tactically~*~*~ (stealth).
   856 | D:1      | 856 ||| UPGRADING to +0 chain mail.
   866 | D:1      | 866 ||| DROPPING +0 leather armour.
   867 | D:1      | 867 ||| UPGRADING to +0 pair of gloves.
   872 | D:1      | 872 ||| READING scroll labelled VAONLA YGEQEAWKU.
   873 | D:1      | 873 ||| READING scroll labelled JIERAOM EDDIZ.
   877 | D:1      | 877 ||| READING scroll labelled GUPNIA MUBI.
   878 | D:1      | 878 ||| READING scroll labelled ZIELENI SOOXTA.
   879 | D:1      | 879 ||| READING scroll labelled PUOB IHIAM.
   880 | D:1      | 880 ||| READING scroll labelled EPELUH BOYTYL.
   881 | D:1      | 881 ||| DROPPING scroll of blinking.
   932 | D:2      | Reached XP level 3. HP: 17/21 MP: 7/7
   932 | D:2      | 932 ||| STAIRDANCE
  1066 | D:2      | Reached skill level 4 in Axes
  1134 | D:2      | 1134 ||| Stepping ~*~*~tactically~*~*~ (stealth).
  1177 | D:2      | 1177 ||| Stepping ~*~*~tactically~*~*~ (stealth).
  1189 | D:2      | Reached XP level 4. HP: 20/26 MP: 8/8
  1190 | D:2      | 1190 ||| FLEEEEING.
  1191 | D:2      | 1191 ||| FLEEEEING.
  1192 | D:2      | 1192 ||| FLEEEEING.
  1193 | D:2      | 1193 ||| FLEEEEING.
  1199 | D:2      | 1199 ||| FLEEEEING.
  1200 | D:2      | 1200 ||| FLEEEEING.
  1201 | D:2      | 1201 ||| FLEEEEING.
  1202 | D:2      | 1202 ||| FLEEEEING.
  1211 | D:2      | 1211 ||| STAIRDANCE
  1263 | D:1      | 1263 ||| DRINKING 2 emerald potions.
  1871 | D:2      | Reached skill level 5 in Axes
  2060 | D:2      | 2060 ||| Stepping ~*~*~tactically~*~*~ (hiding).
  2182 | D:2      | 2182 ||| UPGRADING to +2 pair of gloves.
  2192 | D:2      | 2192 ||| DROPPING +0 pair of gloves.
  2193 | D:2      | 2193 ||| READING scroll labelled MOFELU FUNUUCK.
  2261 | D:3      | Noticed a black bear
  2273 | D:3      | HP: 4/26 [black bear (7)]
  2274 | D:3      | 2274 ||| READING scroll of teleportation.
  2595 | D:3      | Found a hide-covered altar of Uskayaw.
  2598 | D:3      | Noticed a +0 dagger
  2598 | D:3      | Noticed a +0 hand axe
  2604 | D:3      | You fall into a shaft and drop 3 floors!
  2652 | D:6      | Gained mutation: Your magical nature lets you fly swiftly
                  | and evasively. [Tengu growth]
  2652 | D:6      | Reached XP level 5. HP: 20/30 MP: 9/9
  2802 | D:6      | Reached skill level 6 in Axes
  2829 | D:6      | Found a snail-covered altar of Cheibriados.
  2829 | D:6      | Found a shimmering altar of Xom.
  2911 | D:6      | 2911 ||| UPGRADING to ring of positive energy.
  2912 | D:6      | 2912 ||| READING scroll labelled NOPYG YGAAMIPP.
  2912 | D:6      | Identified a scroll of acquirement
  2912 | D:6      | 2912 ||| ACQUIRING ring of Bianot {Drain Fly rPois Will+
                  | Int+4}
  2912 | D:6      | Acquired the ring of Bianot {Drain Fly rPois Will+ Int+4}
  2914 | D:6      | 2914 ||| UPGRADING to ring of Bianot {Drain Fly rPois Will+
                  | Int+4}.
  2915 | D:6      | 2915 ||| READING scroll labelled TUENWOMPIO.
  2923 | D:5      | Entered Level 5 of the Dungeon
  2975 | D:5      | Noticed a black bear
  2992 | D:5      | Killed a black bear
  2993 | D:5      | Reached XP level 6. HP: 17/35 MP: 10/10
  3189 | D:5      | 3189 ||| UPGRADING to ring of see invisible.
  3191 | D:5      | 3191 ||| DRINKING 2 silvery potions.
  3192 | D:5      | 3192 ||| DROPPING potion of attraction.
  3359 | D:3      | 3359 ||| Stepping ~*~*~tactically~*~*~ (hiding).
  3360 | D:3      | 3360 ||| Stepping ~*~*~tactically~*~*~ (hiding).
  3378 | D:3      | Reached skill level 7 in Axes
  3558 | D:3      | Found a hazy altar of Hepliaklqana.
  3778 | D:3      | Killed a black bear
  3779 | D:3      | Reached skill level 3 in Fighting
  3779 | D:3      | Reached XP level 7. HP: 26/41 MP: 11/11
  4205 | D:3      | 4205 ||| DROPPING +0 whip.
  4404 | D:3      | 4404 ||| DRINKING 2 inky potions.
  4405 | D:3      | 4405 ||| READING 2 scrolls of identify.
  4405 | D:3      | 4405 ||| IDENTIFYING lumpy orange potion
  4406 | D:3      | 4406 ||| DROPPING potion of brilliance.
  4436 | D:4      | 4436 ||| Stepping ~*~*~tactically~*~*~ (hiding).
  4465 | D:4      | Noticed Edmund
  4494 | D:4      | HP: 8/41 [Edmund/+0 flail of protection (8)]
  4495 | D:4      | 4495 ||| READING scroll of teleportation.
  4499 | D:4      | HP: 10/41 [Edmund/+0 flail of protection (1)]
  4757 | D:4      | Killed Edmund
  4868 | D:4      | 4868 ||| DROPPING +0 flail.
  4886 | D:4      | Reached skill level 8 in Axes
  5061 | D:4      | Found a staircase to the Ecumenical Temple.
  5062 | D:4      | 5062 ||| PLANNING TEMPLE
  5062 | D:4      | 5062 ||| READING scroll labelled JOIZIRGH FOBUEJ.
  5079 | D:4      | Reached skill level 3 in Armour
  5151 | Temple   | Entered the Ecumenical Temple
  5164 | Temple   | 5164 ||| PLANNING D:1-11
  5395 | D:4      | 5395 ||| DROPPING +0 flail of protection.
  5542 | D:4      | 5542 ||| Stepping ~*~*~tactically~*~*~ (stealth).
  5687 | D:4      | Reached XP level 8. HP: 44/46 MP: 12/12
  5906 | D:4      | 5906 ||| READING 2 scrolls of identify.
  5906 | D:4      | 5906 ||| IDENTIFYING amethyst potion
  5970 | D:5      | Found a sacrificial altar of Ru.
  6037 | D:5      | 6037 ||| Stepping ~*~*~tactically~*~*~ (hiding).
  6040 | D:5      | 6040 ||| Stepping ~*~*~tactically~*~*~ (hiding).
  6041 | D:5      | 6041 ||| Stepping ~*~*~tactically~*~*~ (hiding).
  6042 | D:5      | 6042 ||| Stepping ~*~*~tactically~*~*~ (hiding).
  6044 | D:5      | 6044 ||| Stepping ~*~*~tactically~*~*~ (hiding).
  6063 | D:5      | Reached skill level 9 in Axes
  6066 | D:5      | 6066 ||| Stepping ~*~*~tactically~*~*~ (stealth).
  6645 | D:5      | Found an opulent altar of Gozag.
  6816 | D:5      | 6816 ||| READING 2 scrolls of identify.
  6816 | D:5      | 6816 ||| IDENTIFYING fuming clear potion
  6817 | D:5      | 6817 ||| DROPPING potion of lignification.
  6899 | D:6      | Reached skill level 10 in Axes
  6913 | D:6      | HP: 11/48 [gnoll sergeant/+0 spear (4)]
  6914 | D:6      | 6914 ||| READING scroll of teleportation.
  6915 | D:6      | HP: 2/48 [gnoll sergeant/+0 spear (4)]
  6916 | D:6      | Mangled by a gnoll sergeant

Levels and vault maps discovered:
D:1:      nzn_arrival_settlement, layout_loops_ring,
          hellmonk_ecumenical_altar_watching_god, amcnicky_mini_pool_small,
          st_stairs_3
D:2:      layout_basic, corexii_hall_statues_s, minmay_increasing_density
D:3:      corexii_shack_village, layout_loops_corners, dancing_weapons_uskayaw,
          nicolae_overflow_crystal_walls
D:4:      layout_gridville, minmay_temple_entry_mini_moons, uniq_edmund
D:5:      layout_cave_pods, nicolae_ru_the_path_less_chosen,
          mainiacjoe_overflow_concentric_impassable, minmay_misc_feat_diagonals,
          minmay_misc_feat_cross, reono_crystal_passage
D:6:      layout_loops_ring, gammafunk_temple_overflow_forgotten,
          gammafunk_temple_overflow_statue, serial_shops, shop, uniq_pikel
Temple:   hellmonk_temple_two_chambers

Skill      XL: |  1  2  3  4  5  6  7  8 |
---------------+-------------------------+-----
Axes           | 3 4 5 6 7 8 10 | 10.0
Armour         | 2 3 |  3.5
Fighting       | 3 4 |  4.2
Throwing       | |  1.0
Dodging        | |  2.1
Spellcasting   | |  2.0
Translocations | |  2.4

Action                   |  1- 3 |  4- 6 |  7- 9 || total
-------------------------+-------+-------+-------++-------
Melee: Hand axe          |    61 |   117 |   242 ||   420
       Kick              |    12 |    35 |    83 ||   130
       Peck              |     3 |    26 |    47 ||    76
       Punch             |       |     1 |     3 ||     4
Throw: Boomerang         |    21 |    21 |       ||    42
  Use: Scroll            |     6 |     4 |     6 ||    16
       Potion            |       |     2 |     1 ||     3
Armor: Chain mail        |    28 |   100 |   123 ||   251
       Leather armour    |     4 |       |       ||     4
Dodge: Dodged            |    20 |    46 |    78 ||   144

Table legend:
 A = Non-vault XP
 B = Vault XP
 C = Vault XP percentage of total XP
 D = Non-vault monster count
 E = Vault monster count
 F = Vault count percentage of total count
                 A         B        C        D         E       F
            +---------+---------+-------+---------+---------+-------
      Total |    1672 |     231 |  12.1 |      81 |      24 |  22.9
            +---------+---------+-------+---------+---------+-------
        D:1 |      20 |       5 |  20.0 |      11 |       3 |  21.4
        D:2 |      63 |      45 |  41.7 |      14 |       9 |  39.1
        D:3 |     251 |      24 |   8.7 |      15 |      11 |  42.3
        D:4 |     366 |     157 |  30.0 |      19 |       1 |   5.0
        D:5 |     606 |       0 |   0.0 |      13 |       0 |   0.0
        D:6 |     366 |       0 |   0.0 |       9 |       0 |   0.0
            +---------+---------+-------+---------+---------+-------
